 Dungeon Crawl Stone Soup version 0.27-a0-1196-g3e9cee4cb2 (webtiles) character file.

Game seed: 560714616960675974

677 pokeman the Thaumaturge (level 7, -14/39 HPs)
             Began as a Deep Elf Hedge Wizard on May 28, 2021.
             Splashed by an acid dragon's acid (15 damage)
             ... on level 6 of the Dungeon.
             The game lasted 00:09:59 (6190 turns).

pokeman the Thaumaturge (Deep Elf Hedge Wizard)     Turns: 6190, Time: 00:10:00

Health: -14/39     AC: -3    Str:  7    XL:     7   Next: 33%
Magic:  15/20      EV: 12    Int: 27    God:
Gold:   319        SH:  0    Dex: 14    Spells: 11/22 levels left

rFire    . . .     SeeInvis .   f - +1 short sword (venom)
rCold    . . .     Faith    .   (no shield)
rNeg     . . .     Spirit   .   l - +0 leather armour
rPois    +         Reflect  .   c - +0 hat
rElec    .         Harm     .   (no cloak)
rCorr    .         Rampage  .   g - +0 pair of gloves
Will     .....                  (no boots)
Stlth    ++........             (no amulet)
HPRegen  0.13/turn              x - ring of poison resistance
MPRegen  0.17/turn              C - +6 ring of intelligence

@: corroded
A: no striking features
a: no special abilities


You were on level 6 of the Dungeon.
You visited 1 branch of the dungeon, and saw 6 of its levels.

You collected 319 gold pieces.

Inventory:

Hand Weapons
 f - a +1 short sword of venom (weapon)
Missiles
 e - 12 arrows
 p - 2 throwing nets
 q - 19 bolts
Armour
 c - a +0 hat (worn)
 g - a +0 pair of gloves (worn)
 l - a +0 leather armour (worn)
Magical Staves
 D - a staff of death
Jewellery
 d - a ring of fire
 v - a ring of ice
 x - a ring of poison resistance (left hand)
 A - a ring of willpower
 B - an amulet of faith
 C - a +6 ring of intelligence (right hand)
Wands
 i - a wand of iceblast (6)
 y - a wand of flame (10)
Scrolls
 a - 3 scrolls of identify {unknown}
 h - 2 scrolls of fear {unknown}
 j - a scroll of enchant weapon {unknown}
 k - 2 scrolls of summoning {unknown}
 o - a scroll of magic mapping {unknown}
 t - a scroll of vulnerability {unknown}
Potions
 b - a potion of flight {unknown}
 m - a potion of might {unknown}
 n - 2 potions of curing {unknown}
 r - 2 potions of lignification {unknown}
 s - 3 potions of degeneration {unknown}
 u - a potion of mutation {unknown}
 w - a potion of brilliance {unknown}
 z - a potion of haste {unknown}


   Skills:
 + Level 1.8 Fighting
 - Level 1.0 Armour
 - Level 3.0 Dodging
 - Level 3.0 Stealth
 * Level 8.0 Spellcasting
 + Level 3.9 Conjurations
 - Level 1.1 Summonings
 - Level 1.1 Translocations
 + Level 2.4 Fire Magic
 - Level 1.0 Air Magic
 - Level 1.0 Poison Magic
 - Level 1.1 Evocations


You had 11 spell levels left.
You knew the following spells:

 Your Spells              Type           Power      Damage    Failure   Level
a - Magic Dart            Conj           100%       1d8       1%          1
b - Mephitic Cloud        Conj/Pois/Air  21%        N/A       10%         3
c - Call Imp              Summ           16%        N/A       8%          2
d - Blink                 Tloc           N/A        N/A       8%          2
e - Conjure Flame         Conj/Fire      28%        6-21      6%          3

Your spell library contained the following spells:

 Spells                   Type           Power      Damage    Failure   Level
 Slow                     Hex            10%        N/A       12%         2


Dungeon Overview and Level Annotations

Branches:
Dungeon (6/15)
 Temple: D:4-7

Altars:
Ashenzari
Cheibriados
Elyvilon
Fedhas
Qazlal
Sif Muna
Trog
Uskayaw
Wu Jian
Yredelemnul
Zin
The Shining One


Message History

Casting: Conjure Flame (dangerous; 7% risk of failure)
Confirm with . or Enter, or press ? or * to list all spells.
Aiming: Mephitic Cloud (dangerous; 11% risk of failure)
Press: ? - help, Shift-Dir - straight line The ball explodes into a vile cloud!
The stinking cloud engulfs something but does no damage.
A sky beast appears from thin air!
Reactivating autopickup.
Unknown command.
Unknown command.
The sky beast is engulfed in noxious fumes.
The sky beast appears confused.
You barely miss the sky beast.
The sky beast is severely wounded.
The sky beast is engulfed in blazing flames.
You kill the sky beast!
Your Spellcasting skill increases to level 8!
There is an open door here.
You open the door.
There is an open door here.
An acid dragon comes into view.
Casting: Mephitic Cloud (dangerous; 10% risk of failure)
Confirm with . or Enter, or press ? or * to list all spells.
The fire begins to smoulder!
The acid dragon roars!
The acid dragon spits acid at you. The splash of acid hits you!
The acid corrodes you!
You are splashed with acid!
* * * LOW HITPOINT WARNING * * *
The fire ignites!
Casting: Conjure Flame (dangerous; 6% risk of failure)
Confirm with . or Enter, or press ? or * to list all spells.
A beastly little devil appears in a puff of flame.
Unknown command.
You hit the acid dragon but do no damage.
The acid dragon is engulfed in blazing flames.
The acid dragon spits acid at you. The splash of acid hits you!
* * * LOW HITPOINT WARNING * * *
The acid corrodes you!
You are splashed with acid!
You die...

#.. ###.# #.# #.#
#.# ####### #.#
#.....# #.#
#####.....###.#
#.5.'.....'...#
#@###.....########
#.D.#.....# ......
###.#.....# .#####
.#.....# .#####
D#.....# ......
.#.....# ..####
.#.....##..#...
.#.....##..#.#. ##
#..#.#.


You could see an acid dragon (catching breath, ally target) and a friendly
crimson imp (summoned).

Vanquished Creatures
  A black bear (D:4)
  A sky beast (D:6)
  2 scorpions (D:5)
  A water moccasin zombie (D:5)
  A hound (D:5)
  A jelly (D:6)
  3 orc wizards
  A hound skeleton (D:5)
  A howler monkey skeleton (D:6)
  4 adders
  A white imp (D:5)
  An ufetubus (D:5)
  2 worms (D:3)
  2 dart slugs
  8 orcs
  3 endoplasms (D:1)
  6 giant cockroaches
  9 goblins
  3 hobgoblins
  A jackal (D:3)
  7 kobolds
  3 quokkas
  6 ball pythons
  11 bats
  3 frilled lizards
  5 rats
87 creatures vanquished.

Vanquished Creatures (others)
  An orc wizard (D:4)
1 creature vanquished.

Grand Total: 88 creatures vanquished

Notes
Turn   | Place    | Note
-------+----------+-------------------------------------------
     0 | D:1      | pokeman the Deep Elf Hedge Wizard began the quest for the
                  | Orb.
     0 | D:1      | Reached XP level 1. HP: 10/10 MP: 7/7
   495 | D:1      | Reached XP level 2. HP: 15/15 MP: 4/9
  1086 | D:1      | Reached skill level 5 in Spellcasting
  1249 | D:1      | Found a faded altar of an unknown god.
  1306 | D:1      | Reached XP level 3. HP: 20/20 MP: 6/11
  1315 | D:1      | Learned a level 3 spell: Mephitic Cloud
  1318 | D:1      | Learned a level 2 spell: Call Imp
  1321 | D:1      | Learned a level 2 spell: Blink
  1325 | D:1      | Learned a level 3 spell: Conjure Flame
  1878 | D:2      | Reached skill level 1 in Armour
  1924 | D:2      | Reached skill level 1 in Fighting
  2567 | D:3      | Reached XP level 4. HP: 25/25 MP: 10/13
  3204 | D:3      | Found a snail-covered altar of Cheibriados.
  4042 | D:4      | Reached skill level 1 in Fire Magic
  4050 | D:4      | Reached skill level 6 in Spellcasting
  4052 | D:4      | Reached XP level 5. HP: 23/29 MP: 3/15
  4151 | D:4      | Noticed a black bear
  4161 | D:4      | Killed a black bear
  4162 | D:4      | Reached skill level 1 in Air Magic
  4282 | D:4      | Found a glowing golden altar of the Shining One.
  4726 | D:5      | Entered Level 5 of the Dungeon
  4738 | D:5      | Reached XP level 6. HP: 34/34 MP: 6/17
  4773 | D:5      | Reached skill level 7 in Spellcasting
  4773 | D:5      | Reached skill level 1 in Poison Magic
  4773 | D:5      | Reached skill level 1 in Evocations
  4952 | D:5      | Found a stormy altar of Qazlal.
  5020 | D:5      | Found a white marble altar of Elyvilon.
  5378 | D:5      | Found a blossoming altar of Fedhas.
  5379 | D:5      | Found a glowing silver altar of Zin.
  5380 | D:5      | Found a basalt altar of Yredelemnul.
  5380 | D:5      | Found a broken altar of Ashenzari.
  5384 | D:5      | Found a shimmering blue altar of Sif Muna.
  5384 | D:5      | Found an ornate altar of the Wu Jian Council.
  5385 | D:5      | Found a hide-covered altar of Uskayaw.
  5420 | D:5      | Reached XP level 7. HP: 31/37 MP: 7/20
  6066 | D:6      | Found a bloodstained altar of Trog.
  6130 | D:6      | Reached skill level 8 in Spellcasting
  6190 | D:6      | HP: 1/39 [acid dragon/splash of acid (11)]
  6190 | D:6      | Splashed by an acid dragon's acid

Illustrated notes

Levels and vault maps discovered:
D:1:      moated_graveyard_arrival, layout_basic,
          hellmonk_ecumenical_altar_arch_garden, hex_medium
D:2:      minmay_angry_zag, layout_loops_ring, kennysheep_pointless_box,
          minmay_worlds_worst_comb
D:3:      wad_crossroads, layout_basic, slow_altar_1
D:4:      layout_basic, amcnicky_altar_gilded, minivault_4
D:5:      layout_cave_pools, grunt_temple_overflow_open, general_overflow_altar,
          grunt_ministairs_9, st_stairs_6
D:6:      layout_basic, lemuel_doored_altar

Skill      XL: |  1  2  3  4  5  6  7 |
---------------+----------------------+-----
Spellcasting   | 5 6 7 8 |  8.0
Armour         | 1 |  1.0
Fighting       | 1 |  1.8
Conjurations   | 2 3 |  3.9
Fire Magic     | 1 2 |  2.4
Dodging        | 3 |  3.0
Stealth        | 3 |  3.0
Air Magic      | 1 |  1.0
Poison Magic   | 1 |  1.0
Evocations     | 1 |  1.1
Summonings     | |  1.1
Translocations | |  1.1

Action                   |  1- 3 |  4- 6 |  7- 9 || total
-------------------------+-------+-------+-------++-------
Melee: Short sword       |     7 |    43 |    10 ||    60
 Cast: Magic Dart        |   112 |    72 |    15 ||   199
       Mephitic Cloud    |       |     6 |     1 ||     7
       Conjure Flame     |       |     2 |     2 ||     4
       Blink             |       |     1 |       ||     1
       Call Imp          |       |       |     2 ||     2
 Stab: Confused          |       |     2 |     1 ||     3
       Sleeping          |       |     2 |       ||     2
Armor: Robe              |     4 |     2 |       ||     6
       Leather armour    |       |    17 |     2 ||    19
Dodge: Dodged            |    24 |    42 |     8 ||    74

Table legend: (Time is in decaauts)
 A = Elapsed time spent in this place.
 B = Non-inter-level travel time spent in this place.
 C = Inter-level travel time spent in this place.
 D = Time resting spent in this place.
 E = Time spent auto-exploring this place.
 F = Levels seen in this place.
 G = Mean time per level.
                   A        B        C        D        E       F      G
               +--------+--------+--------+--------+--------+-----+--------+
         Total |   6192 |   6074 |    118 |     82 |   5438 |   6 | 1032.0 |
       Dungeon |   6192 |   6074 |    118 |     82 |   5438 |   6 | 1032.0 |
               +--------+--------+--------+--------+--------+-----+--------+

Top non-repeatable levels by time:
     D:1: 1428 daAuts
     D:3: 1375 daAuts
     D:2: 1135 daAuts
     D:5: 921 daAuts
     D:4: 789 daAuts
     D:6: 542 daAuts
